 Dungeon Crawl Stone Soup version 0.23.1 (webtiles) character file.

Game seed: 12897531005958736616

105 Borgoz the Sneak (level 4, -3/33 (34) HPs)
             Began as a Ghoul Enchanter on Mar 9, 2019.
             Slain by a gnoll
             ... wielding a +2 flail of crushing
              (5 damage)
             ... on level 3 of the Dungeon.
             The game lasted 00:05:09 (4040 turns).

Borgoz the Sneak (Ghoul Enchanter)                  Turns: 4040, Time: 00:05:10

HP:   -3/33 (34)    AC:  9    Str: 11    XL:     4   Next: 83%
MP:   0/6           EV: 12    Int: 10    God:
Gold: 46            SH:  0    Dex: 10    Spells: 4/7 levels left

rFire    . . .     SeeInvis .   j - +0 short sword (protect)
rCold    + . .     Gourm    .   (no shield)
rNeg     + + +     Faith    .   b - +0 robe
rPois    ∞         Spirit   .   (no helmet)
rElec    .         Reflect  .   (no cloak)
rCorr    .         Harm     .   (no gloves)
MR       .....                  (no boots)
Stlth    ++........             (no amulet)
HPRegen  0.00/turn              (no ring)
MPRegen  0.10/turn              (no ring)

@: protection aura, rotting
A: rotting body, claws 1, carnivore, cold resistance 1, negative energy
resistance 3, inhibited regeneration, torment resistance, unbreathing
a: no special abilities


You were on level 3 of the Dungeon.
You were near starving.

You visited 1 branch of the dungeon, and saw 3 of its levels.

You collected 46 gold pieces.

Inventory:

Hand Weapons
 j - a +0 short sword of protection (weapon)
Missiles
 k - 17 poisoned needles
Armour
 b - a +0 robe (worn)
Scrolls
 a - a scroll of blinking {unknown}
 c - a scroll of enchant armour {unknown}
 e - 2 scrolls of teleportation {unknown}
 g - 4 scrolls of identify {unknown}
 h - 2 scrolls of remove curse {unknown}
 l - 2 scrolls of magic mapping {unknown}
 m - a scroll of fog {unknown}
Potions
 f - 3 potions of heal wounds {unknown}
 i - 2 potions of agility {unknown}
 n - a potion of cancellation {unknown}
 p - a potion of curing {unknown}
Comestibles
 d - 3 rations
 o - 3 chunks of flesh


   Skills:
 + Level 0.5 Fighting
 + Level 1.6 Short Blades
 + Level 2.4 Dodging
 + Level 4.6 Stealth
 + Level 2.0 Spellcasting
 + Level 2.7 Hexes
 - Level 0.7 Ice Magic


You had 4 spell levels left.
You knew the following spells:

 Your Spells              Type           Power        Failure   Level  Hunger
a - Corona                Hex            #......      10%         1    ##.....
b - Ensorcelled Hibernat  Hex/Ice        #.....       22%         2    ###....

Your spell library contained the following spells:

 Spells                   Type           Power        Failure   Level  Hunger
 Confuse                  Hex            #.......     30%         3    ####...
 Tukima's Dance           Hex            #.......     30%         3    ####...
 Dazzling Spray           Conj/Hex       #.....       47%         3    ####...


Dungeon Overview and Level Annotations

Branches:
Dungeon (3/15)

Altars:
Zin

Shops:
D:3 *


Innate Abilities, Weirdness & Mutations

Your body is rotting away.
You thrive on raw meat.
You are immune to poison.
You have sharp fingernails.
You are carnivorous and can eat meat at any time.
Your flesh is cold resistant. (rC+)
You are immune to negative energy. (rN+++)
You do not regenerate when monsters are visible.
You are immune to unholy pain and torment.
You can survive without breathing.


Message History

Casting: Ensorcelled Hibernation (safe; 22% risk of failure)
Confirm with . or Enter, or press ? or * to list all spells.
Aiming: Ensorcelled Hibernation (safe; 22% risk of failure)
Press: ? - help, Shift-Dir - straight line, f/p - gnoll
Aim: a gnoll, wielding a +2 flail of crushing (chance to defeat MR: 45%)
The gnoll resists with some effort.
Casting: Ensorcelled Hibernation (safe; 22% risk of failure)
Confirm with . or Enter, or press ? or * to list all spells.
Aiming: Ensorcelled Hibernation (safe; 22% risk of failure)
Press: ? - help, Shift-Dir - straight line, f/p - gnoll
Aim: a gnoll, wielding a +2 flail of crushing (chance to defeat MR: 45%)
The gnoll resists with some effort.
You are near starving!
The gnoll hits you with a +2 flail of crushing!
* * * LOW HITPOINT WARNING * * *
x2 You hit the gnoll.
Your weapon exudes an aura of protection.
The gnoll is lightly wounded.
The gnoll hits you with a +2 flail of crushing.
You die...

##.....## ##....#
##.......## ##.#.#
##.........####....####
.'.........'<.........#
##.........####.......#
##.......## ##.#.##.#
##....[## #.#.##.#
##...## #.#.##.# ##<.##
#@#.##.# ##.#.## ###
#g#.##.#
##.###.####.###......#
#.## ##......####(####
##.###.####.## #.#
##.#...# #.# #.#
####...o## #.# #.#
........# #.#####.#
####..g## #.......#


You could see a gnoll.

Vanquished Creatures
  2 gnolls (D:2)
  5 adders
  A worm (D:2)
  2 dart slugs (D:1)
  An orc (D:2)
  3 giant cockroaches
  5 goblins
  7 hobgoblins
  3 bats
  A frilled lizard (D:1)
  2 kobolds
  A rat (D:2)
33 creatures vanquished.

Notes
Turn   | Place    | Note
-------+----------+-------------------------------------------
     0 | D:1      | Borgoz the Ghoul Enchanter began the quest for the Orb.
     0 | D:1      | Reached XP level 1. HP: 14/14 MP: 2/2
   607 | D:1      | Reached XP level 2. HP: 20/20 MP: 3/3
  1475 | D:1      | Learned a level 2 spell: Ensorcelled Hibernation
  1834 | D:2      | Reached skill level 4 in Stealth
  1834 | D:2      | Reached XP level 3. HP: 2/25 MP: 2/4
  1855 | D:2      | HP: 1/25 [frilled lizard (1)]
  2610 | D:2      | Reached skill level 1 in Short Blades
  3170 | D:3      | Reached XP level 4. HP: 27/33 MP: 0/5
  3344 | D:3      | Found Zin's Purification Station.
  3358 | D:3      | Found a glowing silver altar of Zin.
  4040 | D:3      | Slain by a gnoll

Skill      XL: |  1  2  3  4 |
---------------+-------------+-----
Dodging        | 2 |  2.4
Stealth        | 4 |  4.6
Short Blades   | 1 |  1.6
Spellcasting   | 2 |  2.0
Fighting       | |  0.5
Hexes          | |  2.7
Ice Magic      | |  0.7

Action                   |  1- 3 |  4- 6 || total
-------------------------+-------+-------++-------
Melee: Dagger            |    83 |       ||    83
       Short sword       |    42 |    33 ||    75
 Cast: Ensorcelled Hiber |     9 |    15 ||    24
 Stab: Sleeping          |     9 |     5 ||    14
  Eat: Chunk             |     8 |     3 ||    11
Armor: Robe              |    18 |     7 ||    25
Dodge: Dodged            |    56 |    31 ||    87
